 Dungeon Crawl Stone Soup version 0.28.0-53-g5a82cb258f (webtiles) character file.

Game seed: 17196840716738632018

458 styxcanada the Covert (level 6, -5/32 HPs)
             Began as a Spriggan Brigand on July 12, 2022.
             Slain by a worm (7 damage)
             ... on level 4 of the Dungeon.
             The game lasted 00:19:11 (4519 turns).

styxcanada the Covert (Spriggan Brigand)            Turns: 4519, Time: 00:19:12

Health: -5/32      AC:  3    Str:  7    XL:     6   Next: 77%
Magic:  7/7        EV: 19    Int: 13    God:
Gold:   190        SH:  0    Dex: 18    Spells: 5/5 levels left

rFire   . . .      SeeInvis +   a - +2 dagger
rCold   . . .      Faith    .   (no shield)
rNeg    . . .      Spirit   .   b - +0 robe
rPois   .          Reflect  .   (helmet restricted)
rElec   .          Harm     .   c - +0 cloak
rCorr   .          Rampage  .   (gloves unavailable)
Will    +....                   (boots unavailable)
Stlth   ++........              (no amulet)
HPRegen 0.10/turn               (no ring)
MPRegen 0.10/turn               (no ring)

@: invisible, slow
A: very small, no large weapons, unfitting armour, see invisible, speed 3
a: no special abilities


You were on level 4 of the Dungeon.
You visited 1 branch of the dungeon, and saw 4 of its levels.

You collected 190 gold pieces.

Inventory:

Hand Weapons
 a - a +2 dagger (weapon)
 d - a +0 dagger of protection
 t - a +1 dagger of holy wrath
Missiles
 j - 8 sling bullets
 m - 15 stones (quivered)
 p - 6 boomerangs
 s - a throwing net
Armour
 b - a +0 robe (worn)
 c - a +0 cloak (worn)
Scrolls
 e - a scroll of holy word
 f - a scroll of fear
Potions
 g - a potion of haste
 o - a potion of cancellation {unknown}
 r - a potion of mutation {unknown}


   Skills:
 * Level 2.4 Fighting
 + Level 3.4 Short Blades
 + Level 2.7 Throwing
 * Level 4.2 Dodging
 * Level 9.7 Stealth


You had 5 spell levels left.
You didn't know any spells.
Your spell library was empty.

Dungeon Overview and Level Annotations

Branches:
Dungeon (4/15)
 Temple: D:4-7

Altars:
Hepliaklqana


Innate Abilities, Weirdness & Mutations

You are very small and have problems with some larger weapons.
You are too small for most types of armour.
You have supernaturally acute eyesight. (SInv)
You cover ground extremely quickly. (Speed+++)


Message History

The worm is heavily wounded.
You hit the worm.
The worm is severely wounded.
The worm bites you.
* * * LOW HITPOINT WARNING * * *
You completely miss the worm.
The worm is heavily wounded.
Your unstable footing causes you to fumble your attack.
The worm completely misses you.
You hit the worm.
The worm is severely wounded.
You barely miss the worm.
The worm is severely wounded.
The worm splashes around in the water.
You barely miss the worm.
The worm is heavily wounded.
You hit the worm.
The worm is severely wounded.
The worm barely misses you.
You hit the worm.
The worm is severely wounded.
The worm splashes around in the water.
Your unstable footing causes you to fumble your attack.
The worm splashes around in the water.
Your unstable footing causes you to fumble your attack.
The worm barely misses you.
Your unstable footing causes you to fumble your attack.
The worm splashes around in the water.
Your unstable footing causes you to fumble your attack.
The worm bites you.
* * * LOW HITPOINT WARNING * * *
You completely miss the worm.
The worm is heavily wounded.
The worm splashes around in the water.
Your unstable footing causes you to fumble your attack.
The worm splashes around in the water.
You barely miss the worm.
The worm is heavily wounded.
The worm bites you!
You die...

##.#≈≈# #≈≈## #..##≈#
#≈≈#. #..#≈# #≈≈#.
#.#≈#.##≈#.
##..#.<#≈##
##..##.#≈≈# ####
#####..###.#≈≈#
##≈≈####≈≈##..###.##≈≈
#≈≈≈w@wr≈≈≈...#.#..#≈≈
##≈≈####≈≈##.##....##≈
#≈##≈≈####.........#≈
#≈#≈≈rw≈≈#.....##..##
#≈#≈.≈r≈≈#.##.#.r..w.
#≈##S≈##†#....#.##.r.
##≈≈####≈≈##.#...####.
#≈≈≈≈≈≈w≈≈≈###...# #.
##≈≈####≈≈## ##### ##


You could see 2 worms and a quokka.

Vanquished Creatures
  3 scorpions
  A bullfrog skeleton (D:4)
  2 orc wizards
  A hound zombie (D:3)
  4 gnolls (D:3)
  6 adders
  A worm (D:2)
  3 dart slugs
  2 orcs (D:4)
  12 endoplasms
  2 giant cockroaches (D:2)
  11 goblins
  8 hobgoblins
  3 jackals (D:3)
  2 quokkas
  6 ball pythons
  5 bats
  2 frilled lizards (D:1)
  9 kobolds
  8 rats
91 creatures vanquished.

Notes
Turn   | Place    | Note
-------+----------+-------------------------------------------
     0 | D:1      | styxcanada the Spriggan Brigand began the quest for the
                  | Orb.
     0 | D:1      | Reached XP level 1. HP: 10/10 MP: 2/2
    54 | D:1      | Reached skill level 6 in Stealth
   232 | D:1      | Reached XP level 2. HP: 14/15 MP: 3/3
   763 | D:1      | Reached XP level 3. HP: 18/18 MP: 4/4
  1188 | D:2      | Reached skill level 7 in Stealth
  1451 | D:2      | Found a faded altar of an unknown god.
  1550 | D:2      | Reached XP level 4. HP: 23/23 MP: 5/5
  1633 | D:2      | Noticed a scorpion
  1655 | D:2      | Killed a scorpion
  1656 | D:2      | Reached skill level 8 in Stealth
  2153 | D:3      | Reached XP level 5. HP: 24/26 MP: 6/6
  2745 | D:3      | Found a hazy altar of Hepliaklqana.
  3225 | D:3      | Reached skill level 9 in Stealth
  3261 | D:4      | Reached XP level 6. HP: 30/30 MP: 7/7
  3333 | D:4      | HP: 1/32 [kobold/+0 dagger (3)]
  3871 | D:3      | HP: 1/32 [orc wizard/+0 dagger of protection (3)]
  4519 | D:4      | Slain by a worm

Illustrated notes

Levels and vault maps discovered:
D:1:      roderic_crop_circles_arrival_small, layout_loops_ring
D:2:      wad_crossroads, layout_loops_ring, chequers_ecumenical_altar_simple,
          chequers_garden, minivault_14, grunt_ministairs_10,
          guppyfry_early_lair_pool
D:3:      layout_rooms, mainiacjoe_overflow_tiny_flanked, grunt_ministairs_10,
          nicolae_concentric_dashed_squares_mild, minmay_vboxes
D:4:      layout_cave_pools, kiku_gazebo_pond_becter, gup_sewer_entry_bubbles,
          chequers_serial_rivers_large_b

Skill      XL: |  1  2  3  4  5  6 |
---------------+-------------------+-----
Stealth        | 6 7 8 9 |  9.7
Dodging        | 2 3 4 |  4.2
Fighting       | 2 |  2.4
Short Blades   | 3 |  3.4
Throwing       | |  2.7

Action                   |  1- 3 |  4- 6 || total
-------------------------+-------+-------++-------
Melee: Dagger            |    87 |   276 ||   363
       Punch             |       |     3 ||     3
Throw: Dart              |    11 |    30 ||    41
       Stone             |       |     3 ||     3
  Use: Scroll            |       |     9 ||     9
       Potion            |       |     4 ||     4
 Stab: Sleeping          |    17 |    14 ||    31
       Distracted        |       |     1 ||     1
Armor: Robe              |     9 |    28 ||    37
Dodge: Dodged            |    47 |   162 ||   209
